 Dungeon Crawl Stone Soup version 0.30-a0-800-g7c544603b3 (webtiles) character file.

Game seed: 311489114617088312

167 cforsyth the Sneak (level 5, -9/32 HPs)
             Began as a Kobold Brigand on Feb 23, 2023.
             Mangled by a wyvern (15 damage)
             ... on level 4 of the Dungeon.
             The game lasted 00:06:08 (2861 turns).

cforsyth the Sneak (Kobold Brigand)                 Turns: 2861, Time: 00:06:08

Health: -9/32      AC:  6    Str:  9    XL:     5   Next: 76%
Magic:  5/5        EV: 15    Int: 12    God:
Gold:   177        SH:  0    Dex: 18    Spells: 4/4 levels left

rFire   . . .      SeeInvis .    a - +2 dagger
rCold   . . .      Faith    .    (no shield)
rNeg    . . .      Spirit   .    l - +0 leather armour
rPois   .          Reflect  .    q - +0 helmet
rElec   .          Harm     .    c - +1 cloak
rCorr   .          Rampage  .    (no gloves)
Will    .....                    (no boots)
Stlth   ++++                     (no amulet)
HPRegen 0.25/turn                (no ring)
MPRegen 0.09/turn                (no ring)

@: studying Unarmed Combat
A: small, no large weapons, nightstalker 3
a: no special abilities


You were on level 4 of the Dungeon.
You visited 1 branch of the dungeon, and saw 4 of its levels.

You collected 177 gold pieces.

Inventory:

Hand Weapons
 a - a +2 dagger (weapon)
Missiles
 d - 17 poisoned darts
 e - a curare-tipped dart (quivered)
Armour
 c - a +1 cloak (worn)
 l - a +0 leather armour (worn)
 q - a +0 helmet (worn)
Scrolls
 b - a scroll of amnesia {unknown}
 f - a scroll of brand weapon {unknown}
 i - 2 scrolls of fear {unknown}
 k - 4 scrolls of teleportation
 m - a scroll of enchant armour
 n - a scroll of identify {unknown}
 o - a scroll of immolation {unknown}
 p - 2 scrolls of magic mapping {unknown}
 t - a scroll of butterflies {unknown}
Potions
 g - 2 potions of flight {unknown}
 h - 4 potions of curing {unknown}
 j - 4 potions of degeneration {unknown}
 r - a potion of lignification {unknown}
 s - a potion of cancellation {unknown}


   Skills:
 + Level 3.5 Fighting
 + Level 4.3 Short Blades
 - Level 2.1 Throwing
 + Level 3.2 Dodging
 + Level 6.4 Stealth


You had 4 spell levels left.
You didn't know any spells.
Your spell library was empty.

Dungeon Overview and Level Annotations

Branches:
Dungeon (4/15)
 Temple: D:4-7

Altars:

Shops:
D:3 [:


Innate Abilities, Weirdness & Mutations

You are small and have problems with some larger weapons.
You are completely attuned to the shadows.


Message History

You hit the wyvern.
The wyvern is heavily wounded.
The wyvern closely misses you.
You hit the wyvern.
The wyvern is heavily wounded.
The wyvern misses you.
You hit the wyvern but do no damage.
The wyvern is heavily wounded.
The wyvern bites you but does no damage.
You closely miss the wyvern.
The wyvern is heavily wounded.
You hit the wyvern but do no damage.
The wyvern is heavily wounded.
The wyvern bites you but does no damage.
You hit the wyvern but do no damage.
The wyvern is heavily wounded.
The wyvern barely misses you.
You hit the wyvern but do no damage.
The wyvern is heavily wounded.
The wyvern barely misses you.
You closely miss the wyvern.
The wyvern is severely wounded.
You hit the wyvern but do no damage.
The wyvern is severely wounded.
The wyvern hisses menacingly.
The wyvern bites you!
You hit the wyvern.
The wyvern is severely wounded.
The wyvern closely misses you.
You hit the wyvern but do no damage.
The wyvern is severely wounded.
The wyvern is no longer moving slowly.
The wyvern bites you!
* * * LOW HITPOINT WARNING * * *
You hit the wyvern.
The wyvern is almost dead.
The wyvern misses you.
You barely miss the wyvern.
The wyvern is almost dead.
The wyvern bites you!
You die...

#.##.###.##......
##.##.# #.##......
......###.........
.........###.....#
#..#....##.# #.....#
#..###..##.####+####
#..###..##.##.......
##..................†
(..l@................
.######.#####........
### #........
.......... ..........


You could see a wyvern (poisoned).

Vanquished Creatures
  An iguana (D:4)
  3 gnolls
  4 adders
  A worm (D:2)
  4 dart slugs
  6 bats
  6 endoplasms
  3 giant cockroaches (D:1)
  2 goblins (D:1)
  10 hobgoblins
  4 jackals (D:2)
  7 kobolds
  2 quokkas (D:2)
  4 ball pythons
  4 rats
61 creatures vanquished.

Notes
Turn   | Place    | Note
-------+----------+-------------------------------------------
     0 | D:1      | cforsyth the Kobold Brigand began the quest for the Orb.
     0 | D:1      | Reached XP level 1. HP: 12/12 MP: 1/1
   172 | D:1      | Reached XP level 2. HP: 6/18 MP: 2/2
   441 | D:1      | Reached XP level 3. HP: 22/22 MP: 3/3
  1057 | D:2      | Reached XP level 4. HP: 17/27 MP: 4/4
  1175 | D:2      | Reached skill level 6 in Stealth
  1712 | D:3      | Found Jehaq's Book Boutique.
  1768 | D:2      | Reached XP level 5. HP: 28/32 MP: 5/5
  2512 | D:3      | Found Hax Iten's Armour Shop.
  2844 | D:4      | Noticed a wyvern
  2861 | D:4      | Mangled by a wyvern

Illustrated notes

Levels and vault maps discovered:
D:1:      dpeg_arrival_prison, layout_basic, minmay_misc_feat_doors
D:2:      layout_basic, minmay_pentomino_w4
D:3:      layout_basic, serial_shops, shop, shop
D:4:      layout_basic, minmay_manual_monolith

Skill      XL: |  1  2  3  4  5 |
---------------+----------------+-----
Short Blades   | 3 4 |  4.3
Dodging        | 2 3 |  3.2
Fighting       | 3 |  3.5
Stealth        | 6 |  6.4
Throwing       | |  2.1

Action                     |  1- 3 |  4- 6 || total
---------------------------+-------+-------++-------
  Melee: Dagger            |   107 |   109 ||   216
         Punch             |       |     1 ||     1
  Throw: Dart              |       |     2 ||     2
    Use: Scroll            |       |     2 ||     2
         Potion            |       |     1 ||     1
   Stab: Sleeping          |    10 |     9 ||    19
         Distracted        |       |     1 ||     1
 Armour: Robe              |    30 |     9 ||    39
         Leather armour    |       |    10 ||    10
  Dodge: Dodged            |   119 |    71 ||   190

Table legend: (Time is in decaauts)
 A = Elapsed time spent in this place.
 B = Non-inter-level travel time spent in this place.
 C = Inter-level travel time spent in this place.
 D = Time resting spent in this place.
 E = Time spent auto-exploring this place.
 F = Levels seen in this place.
 G = Mean time per level.
                   A        B        C        D        E       F      G
               +--------+--------+--------+--------+--------+-----+--------+
         Total |   2823 |   2721 |    102 |    132 |   2119 |   4 |  705.8 |
       Dungeon |   2823 |   2721 |    102 |    132 |   2119 |   4 |  705.8 |
               +--------+--------+--------+--------+--------+-----+--------+

Top non-repeatable levels by time:
     D:2: 1148 daAuts
     D:3: 832 daAuts
     D:1: 654 daAuts
     D:4: 188 daAuts
